 Dungeon Crawl Stone Soup version 0.18-a0-19-g8b99b3a (webtiles) character file.

136223 Ijustatesigmund the Unseen (level 17, 0/88 HPs)
             Began as a Vine Stalker Assassin on Nov 1, 2015.
             Was a High Priest of Okawaru.
             Succumbed to a swamp dragon's poison gas
             ... on level 2 of the Swamp.
             The game lasted 02:55:12 (31545 turns).

Ijustatesigmund the Unseen (Vine Stalker Assassin) Turns: 31545, Time: 02:55:12

Health: 0/88       AC: 29    Str: 15    XL:     17   Next: 21%
Magic:  8/25       EV: 22    Int: 11    God:    Okawaru [*****.]
Gold:   1597       SH: 11    Dex: 22    Spells: 2 memorised, 22 levels left

rFire  . . .     SeeInvis .     i - +4 short sword (venom)
rCold  + . .     Clarity  .     I - quicksilver dragon armour
rNeg   + . .     SustAt   .     r - +3 buckler {reflect}
rPois  .         Gourm    .     Z - +2 hat
rElec  .         Spirit   +     V - +2 cloak
rCorr  .         Warding  +     T - +2 pair of gloves
rMut   .         Stasis   .     j - +2 pair of boots {rC+}
MR     ++++.                    c - amulet of warding
Stlth  ++++++++..               y - +3 ring of protection
                                C - ring of protection from magic

@: lethally poisoned (0 -> -18), heroism, incredibly resistant to hostile
enchantments, extraordinarily stealthy
A: fangs 3, low mp 1, regeneration 3, magic shield, antimagic bite, no device
heal 3, rot immunity
a: Heroism, Finesse, Renounce Religion


You were on level 2 of the Swamp.
You worshipped Okawaru.
Okawaru was extremely pleased with you.
You were hungry.

You visited 7 branches of the dungeon, and saw 32 of its levels.
You also visited: Sewer and Ice Cave.

You collected 3397 gold pieces.
You spent 1800 gold pieces at shops.

Inventory:

Hand Weapons
 b - a +0 blowgun
 i - a +4 short sword of venom (weapon)
 u - a +3 scimitar of flaming
Missiles
 d - 6 needles of sleeping
 e - 112 poisoned needles
 v - 7 curare-tipped needles
 M - 10 silver javelins (quivered)
 S - 5 silver tomahawks
 Y - 6 javelins of penetration
Armour
 j - a +2 pair of boots of cold resistance (worn)
 r - a +3 buckler of reflection (worn)
 I - a quicksilver dragon armour (worn)
 T - a +2 pair of gloves (worn)
 V - a +2 cloak (worn)
 Z - a +2 hat (worn)
Jewellery
 c - an amulet of warding (around neck)
 y - a +3 ring of protection (right hand)
 A - an uncursed ring of fire
 B - an uncursed ring of see invisible
 C - a ring of protection from magic (left hand)
 Q - an uncursed amulet of resist corrosion
Wands
 f - a wand of polymorph (17)
 m - a wand of disintegration (17)
 n - a wand of fireball (10)
 o - a wand of enslavement (12)
 x - a wand of cold (4)
 G - a wand of lightning (9)
 K - a wand of teleportation (5)
 O - a wand of teleportation (1)
 U - a wand of draining (2)
Scrolls
 h - 3 scrolls of immolation
 l - 5 scrolls of recharging
 q - 3 scrolls of teleportation
 w - 5 scrolls of remove curse
 N - a scroll of magic mapping
 W - 9 scrolls of identify
Potions
 a - 3 potions of brilliance
 k - 2 potions of invisibility
 p - 3 potions of cancellation
 t - a potion of resistance
 F - 2 potions of magic
 H - 3 potions of agility
 L - 2 potions of berserk rage
 P - 2 potions of curing
 R - 3 potions of haste
 X - 2 potions of flight
Books
 J - a book of Enchantments

   Spells                             Type                      Level
   a - Cause Fear                     Hexes                        4
   b - Silence                        Hexes/Air                    5
   c - Deflect Missiles               Charms/Air                   6
   d - Haste                          Charms                       6
   e - Discord                        Hexes                        8
Miscellaneous
 s - a sack of spiders
Comestibles
 g - 13 bread rations
 z - 8 meat rations


   Skills:
 - Level 9.2(14.2) Fighting
 - Level 10.0(15.0) Short Blades
 - Level 10.0(15.0) Throwing
 - Level 7.0(12.0) Armour
 - Level 7.7(12.7) Dodging
 - Level 16.5(21.5) Stealth
 - Level 6.0(11.0) Shields
 - Level 6.6 Spellcasting
 + Level 7.4 Charms
 - Level 3.8 Translocations
 - Level 12.0 Invocations
 - Level 5.3 Evocations


You had 22 spell levels left.
You knew the following spells:

 Your Spells              Type           Power        Failure   Level  Hunger
a - Apportation           Tloc           ##........   8%          1    None
b - Haste                 Chrm           ###.....     99%         6    #######


Dungeon Overview and Level Annotations

Branches:
Dungeon (15/15)            Temple (1/1) D:6            Lair (8/8) D:10
  Swamp (2/4) Lair:3        Snake (0/4) Lair:4        Slime (0/6) Lair:7
    Orc (4/4) D:12            Elf (1/3) Orc:4        Vaults (0/5) D:13
 Depths (1/5) D:15

Altars:
Ashenzari
Cheibriados
Dithmenos
Elyvilon
Fedhas
Gozag
Kikubaaqudgha
Makhleb
Nemelex Xobeh
Okawaru
Qazlal
Ru
Sif Muna
Trog
Vehumet
Xom
Yredelemnul
Zin
The Shining One
Beogh

Shops:
D:5 }   D:10 [   Orc:1 (   Orc:4 ![[(=

Portals:
Hell: Depths:1

Annotations:
Orc:4 exclusion: oklob plant


Innate Abilities, Weirdness & Mutations

You have razor-sharp teeth.
You regenerate.
When hurt, damage is shared between your health and your magic reserves.
Your bite disrupts and absorbs the magic of your enemies.
Potions and wands cannot restore your health.
You are immune to rotting.
Your magical capacity is low (-10% MP).


Message History

As you read the scroll of teleportation, it crumbles to dust.
You feel strangely unstable.
You are engulfed in poison gas.
You are more poisoned.
* * * LOW HITPOINT WARNING * * *
x2 You feel very sick.
You block the swamp dragon's attack.
The swamp dragon claws you but does no damage.
The swamp dragon closely misses you. The shadow hits you.
You are engulfed in poison gas.
You are more poisoned.
* * * LOW HITPOINT WARNING * * *
x2 You feel very sick.
* * * LOW HITPOINT WARNING * * *
You feel very sick.
Your surroundings suddenly seem different.
* * * LOW HITPOINT WARNING * * *
You feel very sick.
Found a stone staircase leading down. 2 vampire mosquitoes come into view.
You die...

...♣♣≈.♣ ≈..♣
≈♣. ≈.≈.♣ .
.≈≈≈≈.. .≈.♣≈.
♣ ≈≈.≈≈.≈
.≈≈.≈. ♣.
.≈..≈.. .≈≈≈.
♣≈ .≈.≈≈♣y ♣..
≈≈≈≈.≈≈
♣≈≈.♣♣♣≈.≈.≈y≈
♣≈♣♣.@♣≈≈..≈♣
♣..≈≈≈..≈...♣
♣.♣♣♣≈....>♣♣
♣ ♣♣.♣...♣
♣♣♣♣.♣♣ ♣♣


There were no monsters in sight!

Vanquished Creatures
  Rupert (Orc:2)
  An octopode crusher (Depths:1)
  2 fire giants (Depths:1)
  Maud (D:10)
  A very ugly thing (Swamp:1)
  Azrael (D:13)
  8 vault guards (D:13)
  The ghost of nublet the Grappler, a journeyman DrTm of Kikubaaqudgha (Lair:4)
  Snorg (D:11)
  Erolcha (D:8)
  A great orb of eyes (Depths:1)
  3 rakshasas
  Fannar (Lair:1)
  Harold (D:10)
  A yaktaur captain (D:15)
  10 hydras
  A centaur warrior (D:15)
  2 ice dragons (Depths:1)
  A ghost crab (Swamp:1)
  A catoblepas (D:15)
  A vampire mage (Depths:1)
  A death yak (Lair:5)
  A deep troll earth mage (Depths:1)
  5 orc high priests
  5 spriggan berserkers (Depths:1)
  3 alligators
  Nergalle (Lair:1)
  2 ice devils (IceCv)
  3 unseen horrors
  5 deep trolls (Depths:1)
  2 wizards (Depths:1)
  13 orc knights
  A mana viper (shapeshifter) (D:13)
  4 hill giants
  10 ugly things
  2 oklob plants
  An orc sorcerer (Orc:4)
  5 cyclopes
  5 griffons
  Maurice (D:11)
  4 elephants (Lair:5)
  A centaur zombie (D:15)
  2 ice statues (IceCv)
  A kobold demonologist (D:11)
  Psyche (D:11)
  5 black mambas
  2 torpor snails
  17 spiny frogs
  3 gargoyles
  2 centaur skeletons
  10 komodo dragons
  A spriggan druid (Lair:8)
  5 fire drakes
  8 blue devils (IceCv)
  8 polar bears
  4 trolls
  A boulder beetle (Lair:7)
  5 two-headed ogres
  7 slime creatures
  10 blink frogs
  A bog body (Swamp:1)
  A trapdoor spider (shapeshifter) (D:14)
  A wyvern (D:12)
  65 yaks
  Sigmund (D:2)
  10 redbacks (Lair:8)
  A spriggan (shapeshifter) (D:15)
  2 water elementals (Depths:1)
  A deep elf mage (D:12)
  The ghost of Raultor the Shield-Bearer, an amateur NaFi (D:3)
  2 wraiths (D:11)
  14 spriggans
  A deep elf fighter (D:10)
  7 basilisks
  4 fire elementals (D:13)
  3 hungry ghosts
  10 hippogriffs
  2 wargs
  15 vampire mosquitoes
  3 swamp worms
  Menkaure (D:5)
  20 wolves (Lair:8)
  4 insubstantial wisps (Swamp:1)
  4 nagas (Lair:4)
  21 water moccasins
  16 porcupines
  3 hell hounds (D:13)
  38 orc warriors
  An eye of draining (D:8)
  6 sky beasts
  2 swamp drakes (Swamp:1)
  7 black bears
  7 wasps
  16 ogres
  2 phantoms
  9 centaurs
  6 ice beasts
  13 crocodiles
  A gnoll sergeant (D:13)
  23 giant frogs
  A big kobold (D:11)
  21 killer bees
  A scorpion (D:11)
  21 wights
  2 electric eels (Lair:3)
  5 hounds
  3 jellies
  8 crimson imps
  A giant frog zombie (D:12)
  17 orc wizards
  Crazy Yiuf (D:2)
  Jessica (D:2)
  4 giant frog skeletons
  7 iguanas
  10 worker ants
  Terence (D:2)
  39 orc priests
  7 sheep (Lair:4)
  Robin (D:3)
  15 adders
  8 gnolls
  9 white imps
  6 shadow imps
  66 river rats
  8 ufetubi (IceCv)
  An ooze (D:1)
  2 adder zombies
  A worm (D:4)
  2 adder skeletons
  6 giant geckos
  172 orcs
  16 bats
  14 goblins
  12 hobgoblins
  18 jackals
  5 quokkas
  2 ball pythons (Sewer)
  13 giant cockroaches
  9 giant newts
  12 kobolds
  A quokka zombie (D:5)
  17 rats
  A fungus (Lair:5)
  A plant (Lair:3)
1121 creatures vanquished.

Vanquished Creatures (collateral kills)
  A gnoll (D:6)
  A giant gecko (D:6)
2 creatures vanquished.

Vanquished Creatures (others)
  The ghost of xeno23 the Jinx, a journeyman SpEn of Dithmenos (IceCv)
  A centaur (D:12)
  A gnoll sergeant (D:6)
  A worker ant (D:6)
  A white imp (IceCv)
  An orc (D:13)
  A giant gecko (D:6)
  13 fungi
  16 plants
36 creatures vanquished.

Grand Total: 1159 creatures vanquished

Notes
Turn   | Place    | Note
--------------------------------------------------------------
     0 | D:1      | Ijustatesigmund the Vine Stalker Assassin began the quest for the Orb.
     0 | D:1      | Reached XP level 1. HP: 11/11 MP: 2/2
    81 | D:1      | Reached skill level 5 in Stealth
   118 | D:3      | Noticed Raultor's ghost (amateur NaFi)
   146 | D:2      | Noticed Terence
   156 | D:2      | Killed Terence
   156 | D:2      | Reached XP level 2. HP: 15/15 MP: 3/3
   156 | D:2      | Reached XP level 3. HP: 18/18 MP: 4/4
   247 | D:2      | Noticed Sigmund
   268 | D:2      | Killed Sigmund
   268 | D:2      | Reached skill level 7 in Stealth
   268 | D:2      | Reached XP level 4. HP: 10/23 MP: 2/5
   268 | D:2      | Reached XP level 5. HP: 11/26 MP: 2/6
   325 | D:2      | Found a shattered altar of Ashenzari.
   758 | D:1      | Gained mutation: You heal very quickly. [Vine Stalker growth]
   758 | D:1      | Reached XP level 6. HP: 27/30 MP: 7/7
   930 | D:2      | Noticed Jessica
   935 | D:2      | Killed Jessica
   983 | D:2      | Found a glowing golden altar of the Shining One.
  1366 | D:2      | Noticed Crazy Yiuf
  1373 | D:2      | Killed Crazy Yiuf
  1773 | D:4      | Reached XP level 7. HP: 29/36 MP: 5/8
  1981 | D:4      | Found a glowing drain.
  1995 | D:4      | Reached skill level 8 in Stealth
  2008 | Sewer    | Entered a sewer
  2310 | D:4      | Reached skill level 1 in Shields
  2473 | D:5      | Entered Level 5 of the Dungeon
  2473 | D:5      | Noticed Menkaure
  2474 | D:5      | Killed Menkaure
  2474 | D:5      | Gained mutation: You have razor-sharp teeth. [Vine Stalker growth]
  2474 | D:5      | Reached XP level 8. HP: 40/40 MP: 9/9
  2538 | D:5      | Found Jiuren's Gadget Boutique.
  2657 | D:5      | Found a shimmering altar of Xom.
  2893 | D:5      | Reached skill level 5 in Shields
  3029 | D:5      | Reached skill level 5 in Short Blades
  3480 | D:3      | Killed Raultor's ghost
  3480 | D:3      | Reached skill level 9 in Stealth
  3480 | D:3      | Reached XP level 9. HP: 24/44 MP: 10/10
  3677 | D:3      | Noticed Robin
  3698 | D:3      | Killed Robin
  4060 | D:6      | Found a staircase to the Ecumenical Temple.
  4069 | Temple   | Entered the Ecumenical Temple
  4206 | Temple   | Became a worshipper of Warmaster Okawaru
  4261 | D:6      | Found a blossoming altar of Fedhas.
  4407 | D:6      | Reached skill level 1 in Invocations
  4837 | D:7      | Reached skill level 1 in Spellcasting
  4844 | D:7      | Reached skill level 1 in Armour
  5003 | D:7      | Reached * piety under Okawaru
  5293 | D:7      | Reached XP level 10. HP: 49/49 MP: 15/15
  5329 | D:7      | Found an opulent altar of Gozag.
  5329 | D:7      | Found an ancient bone altar of Kikubaaqudgha.
  5609 | D:8      | Noticed Erolcha
  5644 | D:8      | Killed Erolcha
  5644 | D:8      | Reached skill level 5 in Invocations
  5779 | D:8      | Reached ** piety under Okawaru
  6615 | D:9      | Reached skill level 5 in Armour
  6625 | D:9      | Found a sparkling altar of Nemelex Xobeh.
  6773 | D:9      | Reached skill level 10 in Stealth
  7113 | D:5      | Bought a wand of teleportation (5) for 378 gold pieces
  7162 | D:10     | Entered Level 10 of the Dungeon
  7263 | D:10     | Noticed Harold
  7320 | D:10     | Reached *** piety under Okawaru
  7382 | D:10     | Killed Harold
  7382 | D:10     | Received a gift from Okawaru
  7382 | D:10     | Reached skill level 1 in Evocations
  7382 | D:10     | Reached XP level 11. HP: 51/53 MP: 16/16
  7441 | D:10     | Reached skill level 11 in Stealth
  7465 | D:10     | Noticed Maud
  7523 | D:10     | Killed Maud
  7523 | D:10     | Reached **** piety under Okawaru
  7572 | D:10     | Reached skill level 5 in Fighting
  7627 | D:10     | Found Vaqax's Armour Shoppe.
  7865 | D:10     | Found a staircase to the Lair.
  8176 | D:11     | Noticed Maurice
  8176 | D:11     | Noticed an unseen horror
  8203 | D:11     | Killed an unseen horror
  8220 | D:11     | Killed Maurice
  8220 | D:11     | Reached ***** piety under Okawaru
  8220 | D:11     | Received a gift from Okawaru
  8305 | D:11     | Noticed Psyche
  8327 | D:11     | Killed Psyche
  8372 | D:11     | Noticed Snorg
  8379 | D:11     | Killed Snorg
  8387 | D:11     | Reached skill level 12 in Stealth
  8451 | D:11     | Received a gift from Okawaru
  8451 | D:11     | Gained mutation: You regenerate. [Vine Stalker growth]
  8451 | D:11     | Reached XP level 12. HP: 49/61 MP: 17/17
  8705 | D:11     | Reached skill level 1 in Dodging
  8946 | D:11     | Reached skill level 5 in Throwing
  9376 | D:12     | Found a staircase to the Orcish Mines.
  9790 | D:12     | Received a gift from Okawaru
  9858 | D:12     | Learned a level 1 spell: Apportation
  9873 | D:12     | Received a gift from Okawaru
 10223 | Lair:1   | Entered Level 1 of the Lair of Beasts
 10224 | Lair:1   | Noticed a six-headed hydra
 10235 | Lair:1   | Killed a six-headed hydra
 10235 | Lair:1   | Reached skill level 1 in Translocations
 10301 | Lair:1   | Noticed Fannar
 10332 | Lair:1   | Killed Fannar
 10418 | Lair:1   | Reached XP level 13. HP: 57/65 MP: 18/20
 10820 | Lair:1   | Noticed Nergalle
 10827 | Lair:1   | Killed Nergalle
 10915 | Lair:1   | Reached skill level 5 in Dodging
 10967 | Lair:1   | You fall through a shaft!
 11581 | Orc:1    | Entered Level 1 of the Orcish Mines
 11653 | Orc:1    | Found Nore's Weapon Shoppe.
 12136 | Orc:1    | You fall through a shaft!
 12136 | Orc:2    | Noticed Rupert
 12162 | Orc:2    | Killed Rupert
 12611 | Orc:3    | Found a roughly hewn altar of Beogh.
 13376 | Orc:4    | Entered Level 4 of the Orcish Mines
 13376 | Orc:4    | Found Geoptiurch's Jewellery Boutique.
 13756 | Orc:4    | Found a staircase to the Elven Halls.
 13814 | Elf:1    | Entered Level 1 of the Elven Halls
 15036 | Orc:4    | Received a gift from Okawaru
 15409 | Orc:4    | Gained mutation: Your magical capacity is low (-10% MP). [a neqoxec]
 15491 | Orc:4    | Reached XP level 14. HP: 70/70 MP: 20/20
 15526 | Orc:4    | Received a gift from Okawaru
 15681 | Elf:1    | Received a gift from Okawaru
 15916 | Orc:4    | Found Fumit's Distillery.
 15917 | Orc:4    | Found Mecuohui's Armour Shoppe.
 15917 | Orc:4    | Found Miwipne's Antique Armour Emporium.
 15918 | Orc:4    | Found Usmeh's Antique Weapon Shoppe.
 15928 | Orc:4    | Bought a potion of berserk rage for 90 gold pieces
 15980 | Orc:4    | Bought a glowing short sword for 72 gold pieces
 15986 | Orc:4    | Bought a slimy mottled dragon armour for 1260 gold pieces
 15996 | Orc:4    | Identified the +2 mottled dragon armour of Experimentation {Str+2} (You bought it in a shop on level 4 of the Orcish Mines)
 16293 | Orc:1    | Received a gift from Okawaru
 16293 | Orc:1    | Reached skill level 10 in Invocations
 16616 | D:13     | Reached skill level 13 in Stealth
 16734 | D:13     | Received a gift from Okawaru
 17194 | D:13     | Reached skill level 10 in Short Blades
 17281 | D:13     | Noticed Azrael
 17308 | D:13     | Killed Azrael
 17340 | D:13     | Found a gate to the Vaults.
 17538 | D:13     | Received a gift from Okawaru
 18281 | D:14     | Received a gift from Okawaru
 18283 | D:14     | Reached skill level 14 in Stealth
 18458 | D:14     | Found a frozen archway.
 18473 | IceCv    | Entered an ice cave
 18566 | IceCv    | Killed xeno23's ghost
 18994 | IceCv    | Reached XP level 15. HP: 43/78 MP: 16/21
 20008 | Lair:2   | Received a gift from Okawaru
 20269 | Lair:2   | Got a jewelled scale mail
 20280 | Lair:2   | Identified the cursed +1 scale mail "Riobrotz" {rF+ rC+} (You found it on level 2 of the Lair of Beasts)
 21041 | Lair:3   | Received a gift from Okawaru
 21343 | Lair:3   | Found a staircase to the Swamp.
 22174 | Lair:3   | Received a gift from Okawaru
 22400 | Lair:4   | Noticed nublet's ghost (journeyman DrTm)
 22429 | Lair:4   | Killed nublet's ghost
 22611 | Lair:4   | Found a staircase to the Snake Pit.
 24344 | Lair:6   | Reached skill level 15 in Stealth
 25638 | Lair:7   | Reached ****** piety under Okawaru
 25638 | Lair:7   | Received a gift from Okawaru
 25864 | Lair:7   | Found a staircase to the Slime Pits.
 26115 | Lair:8   | Entered Level 8 of the Lair of Beasts
 26236 | Lair:8   | Reached XP level 16. HP: 84/84 MP: 23/23
 26339 | Lair:8   | Received a gift from Okawaru
 26554 | Lair:8   | Received a gift from Okawaru
 26713 | Lair:8   | Reached skill level 5 in Spellcasting
 26724 | Lair:8   | Received a gift from Okawaru
 27129 | Lair:8   | Reached skill level 16 in Stealth
 27196 | Lair:8   | Received a gift from Okawaru
 28034 | D:15     | Entered Level 15 of the Dungeon
 28311 | D:15     | Received a gift from Okawaru
 28314 | D:15     | Got a polished large shield {god gift}
 28359 | D:15     | Identified the +0 large shield "Mebb" {rC+} (Okawaru gifted it to you on level 15 of the Dungeon)
 28397 | D:15     | Found a glowing silver altar of Zin.
 28674 | D:15     | Found a staircase to the Depths.
 28725 | D:15     | Found a deep blue altar of Sif Muna.
 29194 | Depths:1 | Entered Level 1 of the Depths
 29246 | Depths:1 | Reached skill level 5 in Evocations
 29549 | Depths:1 | Found a bloodstained altar of Trog.
 29599 | Depths:1 | HP: 1/84 [centaur warrior/arrow (10)]
 29886 | Depths:1 | Learned a level 6 spell: Haste
 29935 | Depths:1 | Reached skill level 10 in Throwing
 29935 | Depths:1 | Reached skill level 1 in Charms
 29950 | Depths:1 | Noticed an octopode crusher
 29975 | Depths:1 | Killed an octopode crusher
 30027 | Depths:1 | Found a gateway to Hell.
 30645 | Swamp:1  | Entered Level 1 of the Swamp
 30703 | Swamp:1  | Got a dull robe
 30740 | Swamp:1  | Reached XP level 17. HP: 78/88 MP: 22/25
 30768 | Swamp:1  | Received a gift from Okawaru
 30768 | Swamp:1  | Reached skill level 5 in Charms
 31268 | Swamp:1  | Identified the cursed +0 robe of Olasesy {rN+ Str-4 Slay+2} (You found it on level 1 of the Swamp)
 31544 | Swamp:2  | HP: 2/88 [poisoned by a swamp dragon (poison gas)]
 31545 | Swamp:2  | Succumbed to a swamp dragon's poison gas

Vault maps used:
D:1:      dpeg_arrival_arbitrary_a, minmay_ruptured
D:2:      lemuel_crystal_altar, nicolae_tso_swordbearing_angel,
          uniq_crazy_yiuf_cottage, uniq_terence, uniq_jessica, uniq_sigmund
D:3:      first_bread, uniq_robin
D:4:      gup_sewer_entry_glass, minmay_fire_ice_demons
D:5:      lemuel_crystal_altar, serial_shops, shop_statue,
          minmay_misc_feat_roman, uniq_menkaure
D:6:      fedhas_altar_1, lemuel_temple_firewalk_marked
D:7:      gammafunk_temple_overflow_elements
D:8:      minmay_klotski, uniq_erica, uniq_erolcha
D:9:      lemuel_coloured_pillars_altar
D:10:     grunt_lair_entry_elf_guard_hut, serial_shops, shop, uniq_maud,
          uniq_harold
D:11:     the_bakery, minmay_statues_item, minivault_11, uniq_maurice,
          uniq_psyche, uniq_snorg
D:12:     david_orc_3, grunt_decor_resistance, minmay_misc_feat_doors
D:13:     erik_vaults_2, uniq_azrael
D:14:     roderic_filled_cross, portal_ice_cave_entry_pillars_02
D:15:     grunt_enter_depths_snipers, basic_altar, zin_angel
Temple:   oiseaux_autumnal_temple_12
Lair:1:   grunt_forest_large_clearing_hut, uniq_nergalle, uniq_fannar
Lair:2:   grunt_megastairs_4
Lair:3:   minmay_swamp_entry_swarm, kennysheep_basilisk_garden,
          serial_bayou_shore_a, grunt_megastairs_2
Lair:4:   minmay_snake_entry_guardpost_medium
Lair:5:   beast_lair_carwin_1
Lair:7:   minmay_slime_entry_oklob_enclosed
Lair:8:   minmay_lair_end_enchanted_forest, serial_bayou_crossing,
          grunt_megastairs_1
Swamp:1:  nicolae_swamp_dense_foliage, swamp_pool1
Swamp:2:  nicolae_swamp_little_tower, hangedman_swamp_cone
Orc:1:    serial_shops, nicolae_shop_stone
Orc:2:    uniq_rupert
Orc:3:    basic_altar, nicolae_orc_pool_cavern
Orc:4:    st_orc_pillars, serial_shops, shop, mines3_lemuel
Elf:1:    eino_elf_arrival_the_gate, serial_shops, shop,
          kennysheep_underground_church
Depths:1: hell_entry, hangedman_decor_growths, grunt_ministairs_6,
          evilmike_spriggan_trog_shrine
Sewer:    sewer_frog_island_01
IceCv:    ice_cave_small_demon

Action                   |  1- 3 |  4- 6 |  7- 9 | 10-12 | 13-15 | 16-18 || total
-------------------------+-------+-------+-------+-------+-------+-------++-------
Melee: Dagger            |    10 |   134 |   424 |   875 |   167 |       ||  1610
       Short sword       |       |       |       |       |  2553 |  1135 ||  3688
       Scimitar          |       |       |       |       |   196 |    19 ||   215
 Fire: Blowgun           |    11 |    13 |    47 |    28 |    14 |    19 ||   132
Throw: Javelin           |       |       |       |    63 |   137 |    61 ||   261
       Tomahawk          |       |       |       |       |    31 |       ||    31
       Throwing net      |       |       |       |       |     7 |       ||     7
Invok: Heroism           |       |       |       |    16 |    32 |    14 ||    62
       Finesse           |       |       |       |       |     3 |     2 ||     5
Evoke: Wand              |       |       |     3 |     7 |     4 |     5 ||    19
  Use: Potion            |     1 |       |     1 |     3 |     5 |     4 ||    14
       Scroll            |       |     8 |    11 |     5 |    15 |    11 ||    50
 Stab: Sleeping          |     5 |     9 |    27 |    33 |    77 |    29 ||   180
       Distracted        |       |       |     1 |     4 |     4 |     4 ||    13
       Invisible         |       |       |     1 |       |       |       ||     1
       Held in net/web   |       |       |       |       |     6 |       ||     6
  Eat: Chunk             |       |     2 |    12 |    17 |    21 |     8 ||    60
       Beef jerky        |       |       |       |     2 |     2 |     1 ||     5
       Pizza             |       |       |       |     1 |     2 |     1 ||     4
       Bread ration      |       |       |       |       |     5 |     1 ||     6
       Royal jelly       |       |       |       |       |     2 |     2 ||     4
       Fruit             |       |       |       |       |     3 |       ||     3
